 Dungeon Crawl Stone Soup version 0.30.0-29-ga12c61a403 (webtiles) character file.

Game seed: 10488081823912812711

1869 qw the Cleaver (level 9, -7/56 HPs)
             Began as a Gargoyle Fighter on June 4, 2023.
             Was an Initiate of Okawaru.
             Mangled by a yak (8 damage)
             ... on level 8 of the Dungeon.
             The game lasted 00:03:06 (6286 turns).

qw the Cleaver (Gargoyle Fighter)                   Turns: 6286, Time: 00:03:06

Health: -7/56      AC: 19    Str: 25    XL:     9   Next: 13%
Magic:  9/9        EV:  7    Int:  8    God:    Okawaru [......]
Gold:   290        SH:  5    Dex: 15    Spells: 8/8 levels left

rFire   . . .        Y - +2 war axe
rCold   + . .        c - +0 buckler
rNeg    + . .        g - +0 plate armour
rPois   inf          (no helmet)
rElec   +            b - +0 cloak
rCorr   .            (no gloves)
SInv    .            (no boots)
Will    .....        (no amulet) Stlth
                     t - ring of protection from cold
HPRegen 0.29/turn    o - +6 ring of dexterity
MPRegen 0.11/turn

%: no passive effects
@: no status effects
A: sickness immunity, AC +6, negative energy resistance 1, electricity
resistance, torment resistance 1, petrification resistance
a: Renounce Religion


You were on level 8 of the Dungeon.
You worshipped Okawaru.
Okawaru was noncommittal.
You visited 2 branches of the dungeon, and saw 9 of its levels.

You collected 1239 gold pieces.
You spent 949 gold pieces at shops.


Innate Abilities, Weirdness & Mutations

You are immune to sickness and miasma.
Your stone body is resilient. (AC +6)
You are immune to poison.
You resist negative energy. (rN+)
You are resistant to electric shocks. (rElec)
You are resistant to unholy torment.
You are immune to petrification.


   Skills:
 - Level 6.6 Fighting
 + Level 8.6 Axes
 - Level 2.1 Throwing
 - Level 5.0 Armour
 - Level 1.1 Dodging
 - Level 3.2 Shields


You had 8 spell levels left.
You didn't know any spells.
Your spell library was empty.

Inventory:

Hand Weapons
 u - a +0 morningstar of protection
 Y - a +2 war axe (weapon)
Missiles
 h - 5 javelins (quivered)
 s - 9 boomerangs
Armour
 b - a +0 cloak (worn)
 c - a +0 buckler (worn)
 g - a +0 plate armour (worn)
Jewellery
 a - a ring of resist corrosion
 o - a +6 ring of dexterity (right hand)
 t - a ring of protection from cold (left hand)
Scrolls
 f - 6 scrolls of teleportation
 i - 3 scrolls of identify
Potions
 d - 4 potions of might
 j - 2 potions of heal wounds
 k - 3 potions of attraction
 l - 6 potions of curing
 m - 4 potions of mutation
 n - a potion of haste
 p - a potion of lignification
 q - 3 potions of magic
 r - 2 potions of resistance

Dungeon Overview and Level Annotations

Branches:
Dungeon (8/15)             Temple (1/1) D:6
   Lair: D:8-11

Altars:
Cheibriados
Elyvilon
Fedhas
Gozag
Hepliaklqana
Kikubaaqudgha
Makhleb
Nemelex Xobeh
Okawaru
Qazlal
Ru
Sif Muna
Trog
Uskayaw
Vehumet
Wu Jian
Xom
Yredelemnul
Zin

Shops:
D:4 !!


Message History

Found a potion of mutation.
The yak bellows! x2; The orc priest shouts!
You hear a shout!
An orc comes into view. It is wielding a +0 hand axe.
The orc wizard barely misses you.
The orc warrior hits you but does no damage.
The yak moves out of view.
You slash the orc wizard!
The orc wizard is almost dead.
The orc wizard casts a spell at you.
The magic dart hits you but does no damage.
The orc warrior hits you from afar with a +0 glaive!
You hit the orc wizard.
You kill the orc wizard!
Okawaru accepts your kill.
You hit the yak but do no damage.
The orc warrior hits you but does no damage.
You block the orc warrior's attack. The yak gores you but does no damage.
You hit the yak but do no damage. You barely miss the yak.
You block the orc warrior's attack. The orc warrior completely misses you.
The yak gores you but does no damage. x2
You slash the yak!
The yak is lightly wounded.
You slash the yak!
The orc warrior hits you but does no damage.
The orc warrior hits you from afar with a +3 glaive!
The yak gores you. The yak gores you!
You hit the yak.
The yak is moderately wounded.
You closely miss the yak.
The orc warrior hits you from afar with a +0 glaive!
The orc warrior hits you from afar with a +3 glaive!
You block the yak's attack. The yak gores you but does no damage.
You slash the yak!
The yak is heavily wounded.
You hit the yak.
The orc warrior hits you from afar with a +0 glaive!
The yak gores you but does no damage.
The orc warrior hits you from afar with a +3 glaive!
The yak gores you!
You die...

#.# #. #.# ###...#
##.# .......
######..### ......
..........####
##.....
.............###....#
.......#####.......#
......## ###.....#
.....## #..@Yo#
...### #$.##YYoo..!
..## #..## #oY...#
..# #..# Yo...# ..#
#..# ....# ..# #..#
..... ..# ..# ....
..# .. .... ..#


You could see 5 yaks, 2 orc warriors, an orc priest and 2 orcs.

Vanquished Creatures
  A steam dragon (D:7)
  2 ogres
  A centaur (D:6)
  3 phantoms (D:5)
  2 bullfrogs
  3 kobold brigands
  A scorpion (D:4)
  6 orc priests
  2 hounds
  A sleepcap (D:6)
  A gnoll bouda (D:7)
  2 iguanas
  Natasha (D:2)
  7 orc wizards
  11 adders
  10 gnolls
  2 shadow imps (D:7)
  A white imp (D:7)
  4 ufetubi
  5 dart slugs
  18 orcs
  10 endoplasms
  3 giant cockroaches
  7 goblins
  5 hobgoblins
  3 jackals (D:3)
  22 kobolds
  A quokka (D:1)
  5 ball pythons
  8 bats
  3 frilled lizards
  4 rats
155 creatures vanquished.

Notes
Turn   | Place    | Note
-------+----------+-------------------------------------------
     0 | D:1      | qw the Gargoyle Fighter began the quest for the Orb.
     0 | D:1      | Reached XP level 1. HP: 14/14 MP: 1/1
     0 | D:1      | 0 ||| qw: Version: 0.2-a-107-g8a026e3
     0 | D:1      | 0 ||| qw: Game counter: 1170
     0 | D:1      | 0 ||| qw: Always use a shield: true
     0 | D:1      | 0 ||| qw: God list: Okawaru
     0 | D:1      | 0 ||| qw: Allow faded altars: false
     0 | D:1      | 0 ||| qw: Do Orc after D:15 true
     0 | D:1      | 0 ||| qw: Do second Lair branch before Depths: true
     0 | D:1      | 0 ||| qw: Lair rune preference: random
     0 | D:1      | 0 ||| qw: Plans: Normal, Zot:1-4, Slime:5, God:TSO, Crypt,
                  | Tomb, Abyss, Pan, Hells, Win
     0 | D:1      | 0 ||| PLANNING D:1-11
    37 | D:1      | 37 ||| Stepping ~*~*~tactically~*~*~ (stealth).
    38 | D:1      | 38 ||| Stepping ~*~*~tactically~*~*~ (stealth).
    40 | D:1      | Reached skill level 2 in Axes
    71 | D:1      | Reached XP level 2. HP: 19/19 MP: 2/2
    98 | D:1      | 98 ||| Stepping ~*~*~tactically~*~*~ (stealth).
    99 | D:1      | 99 ||| Stepping ~*~*~tactically~*~*~ (stealth).
   134 | D:1      | 134 ||| Stepping ~*~*~tactically~*~*~ (stealth).
   153 | D:1      | 153 ||| FLEEEEING.
   163 | D:1      | 163 ||| Stepping ~*~*~tactically~*~*~ (stealth).
   166 | D:1      | 166 ||| FLEEEEING.
   171 | D:1      | 171 ||| Stepping ~*~*~tactically~*~*~ (hiding).
   196 | D:1      | 196 ||| Stepping ~*~*~tactically~*~*~ (stealth).
   285 | D:1      | 285 ||| UPGRADING to +0 plate armour.
   298 | D:1      | Reached skill level 3 in Axes
   298 | D:1      | 298 ||| DROPPING +0 scale mail.
   302 | D:1      | 302 ||| READING scroll labelled QOFYTZI CIEM.
   303 | D:1      | 303 ||| READING scroll labelled NYC WUFUITT.
   304 | D:1      | 304 ||| READING scroll labelled PACZICUKKI.
   305 | D:1      | 305 ||| DRINKING 2 fizzy orange potions.
   306 | D:1      | 306 ||| DROPPING potion of degeneration.
   320 | D:1      | Reached XP level 3. HP: 15/23 MP: 3/3
   321 | D:1      | HP: 5/23 [gnoll/+0 flail (6)]
   412 | D:1      | 412 ||| Stepping ~*~*~tactically~*~*~ (stealth).
   413 | D:1      | 413 ||| Stepping ~*~*~tactically~*~*~ (stealth).
   414 | D:1      | 414 ||| Stepping ~*~*~tactically~*~*~ (stealth).
   415 | D:1      | 415 ||| DROPPING +0 club.
   458 | D:1      | 458 ||| Stepping ~*~*~tactically~*~*~ (hiding).
   490 | D:1      | 490 ||| Stepping ~*~*~tactically~*~*~ (stealth).
   633 | D:1      | 633 ||| UPGRADING to +0 cloak.
   638 | D:1      | 638 ||| READING scroll labelled ZEETRE WAUVUGO.
   826 | D:2      | 826 ||| Stepping ~*~*~tactically~*~*~ (stealth).
   844 | D:2      | Reached XP level 4. HP: 28/28 MP: 4/4
  1078 | D:2      | Reached skill level 4 in Axes
  1250 | D:2      | 1250 ||| Stepping ~*~*~tactically~*~*~ (hiding).
  1357 | D:2      | Noticed Natasha
  1358 | D:2      | 1358 ||| FLEEEEING.
  1370 | D:2      | Killed Natasha
  1558 | D:2      | 1558 ||| UPGRADING to ring of resist corrosion.
  1559 | D:2      | 1559 ||| READING 3 scrolls labelled RECKEP SUM.
  1563 | D:2      | 1563 ||| READING scroll labelled XERIOPHEMY.
  1564 | D:2      | 1564 ||| READING scroll labelled GEOSU PACEPIH.
  1590 | D:3      | Reached XP level 5. HP: 32/32 MP: 5/5
  1624 | D:3      | Found a faded altar of an unknown god.
  1714 | D:3      | Reached skill level 5 in Axes
  1978 | D:3      | 1978 ||| Stepping ~*~*~tactically~*~*~ (stealth).
  2555 | D:3      | 2555 ||| UPGRADING to +6 ring of dexterity.
  2556 | D:3      | 2556 ||| READING scroll labelled SESUHE WEFO.
  2557 | D:3      | 2557 ||| READING scroll labelled MAIM RESEOM.
  2557 | D:3      | Identified a scroll of acquirement
  2557 | D:3      | 2557 ||| ACQUIRING 826 gold pieces
  2557 | D:3      | Acquired 826 gold pieces
  2592 | D:4      | Found Rotyzis's Distillery.
  2601 | D:4      | Noticed an ogre
  2602 | D:4      | 2602 ||| Stepping ~*~*~tactically~*~*~ (stealth).
  2613 | D:4      | Reached skill level 1 in Dodging
  2613 | D:4      | Reached XP level 6. HP: 18/38 MP: 6/6
  2690 | D:4      | 2690 ||| FLEEEEING.
  2694 | D:4      | 2694 ||| STAIRDANCE
  2737 | D:4      | 2737 ||| BUYING 2 potions of might (104 gold).
  2737 | D:4      | Bought 2 potions of might for 104 gold pieces
  2737 | D:4      | 2737 ||| BUYING potion of curing (39 gold).
  2737 | D:4      | Bought a potion of curing for 39 gold pieces
  2737 | D:4      | 2737 ||| BUYING potion of curing (39 gold).
  2737 | D:4      | Bought a potion of curing for 39 gold pieces
  2737 | D:4      | 2737 ||| BUYING potion of haste (130 gold).
  2737 | D:4      | Bought a potion of haste for 130 gold pieces
  2737 | D:4      | 2737 ||| BUYING potion of lignification (39 gold).
  2737 | D:4      | Bought a potion of lignification for 39 gold pieces
  2737 | D:4      | 2737 ||| BUYING potion of magic (104 gold).
  2737 | D:4      | Bought a potion of magic for 104 gold pieces
  2737 | D:4      | 2737 ||| BUYING potion of magic (104 gold).
  2737 | D:4      | Bought a potion of magic for 104 gold pieces
  2737 | D:4      | 2737 ||| BUYING potion of mutation (104 gold).
  2737 | D:4      | Bought a potion of mutation for 104 gold pieces
  2737 | D:4      | 2737 ||| BUYING potion of resistance (130 gold).
  2737 | D:4      | Bought a potion of resistance for 130 gold pieces
  2916 | D:4      | 2916 ||| Stepping ~*~*~tactically~*~*~ (stealth).
  2918 | D:4      | 2918 ||| Stepping ~*~*~tactically~*~*~ (hiding).
  2919 | D:4      | 2919 ||| Stepping ~*~*~tactically~*~*~ (hiding).
  2954 | D:4      | Found Oschup's Distillery.
  2962 | D:4      | 2962 ||| BUYING potion of curing (39 gold).
  2962 | D:4      | Bought a potion of curing for 39 gold pieces
  2962 | D:4      | 2962 ||| BUYING potion of curing (39 gold).
  2962 | D:4      | Bought a potion of curing for 39 gold pieces
  2962 | D:4      | 2962 ||| BUYING potion of curing (39 gold).
  2962 | D:4      | Bought a potion of curing for 39 gold pieces
  2962 | D:4      | 2962 ||| BUYING potion of curing (39 gold).
  2962 | D:4      | Bought a potion of curing for 39 gold pieces
  2962 | D:4      | 2962 ||| SHOPLISTING potion of mutation (104 gold, have
                  | 67).
  3113 | D:4      | 3113 ||| Stepping ~*~*~tactically~*~*~ (hiding).
  3125 | D:4      | Reached skill level 6 in Axes
  3130 | D:4      | Reached XP level 7. HP: 33/43 MP: 7/7
  3139 | D:4      | 3139 ||| FLEEEEING.
  3140 | D:4      | 3140 ||| FLEEEEING.
  3141 | D:4      | 3141 ||| FLEEEEING.
  3142 | D:4      | 3142 ||| FLEEEEING.
  3144 | D:4      | 3144 ||| FLEEEEING.
  3145 | D:4      | 3145 ||| FLEEEEING.
  3146 | D:4      | 3146 ||| FLEEEEING.
  3147 | D:4      | 3147 ||| FLEEEEING.
  3270 | D:4      | 3270 ||| READING scroll of enchant weapon.
  3270 | D:4      | 3270 ||| ENCHANTING +1 war axe.
  3521 | D:4      | Found a shimmering altar of Xom.
  3550 | D:4      | 3550 ||| DROPPING scarf of harm.
  3551 | D:4      | 3551 ||| READING scroll labelled PEGHOI ELIPAD.
  3583 | D:4      | 3583 ||| READING scroll labelled MABIPAIGAN.
  3584 | D:4      | 3584 ||| DRINKING 2 fizzy emerald potions.
  3585 | D:4      | 3585 ||| READING 4 scrolls of identify.
  3585 | D:4      | 3585 ||| IDENTIFYING orange potion
  3586 | D:4      | 3586 ||| READING 3 scrolls of identify.
  3586 | D:4      | 3586 ||| IDENTIFYING bubbling puce potion
  3587 | D:4      | 3587 ||| DROPPING potion of brilliance.
  3633 | D:5      | Entered Level 5 of the Dungeon
  3720 | D:5      | Reached skill level 7 in Axes
  3756 | D:5      | Reached skill level 1 in Throwing
  3895 | D:5      | 3895 ||| DROPPING ring of flight.
  3896 | D:5      | 3896 ||| READING scroll labelled RIH RIASCHIPT.
  3963 | D:5      | 3963 ||| DROPPING +1 whip of electrocution.
  4150 | D:6      | Reached XP level 8. HP: 48/48 MP: 8/8
  4338 | D:6      | 4338 ||| DROPPING +0 flail.
  4651 | D:6      | Found a staircase to the Ecumenical Temple.
  4652 | D:6      | 4652 ||| PLANNING TEMPLE
  4652 | D:6      | 4652 ||| UPGRADING to ring of protection from cold.
  4654 | D:6      | 4654 ||| READING 3 scrolls of identify.
  4654 | D:6      | 4654 ||| IDENTIFYING white potion
  4655 | D:6      | 4655 ||| DROPPING potion of ambrosia.
  4661 | Temple   | Entered the Ecumenical Temple
  4714 | Temple   | 4714 ||| PLANNING OKAWARU WORSHIP
  4802 | Temple   | Became a worshipper of Warmaster Okawaru
  4802 | Temple   | 4802 ||| PLANNING D:1-11
  5135 | D:6      | 5135 ||| READING scroll labelled RUAL LASHI.
  5136 | D:6      | 5136 ||| READING scroll labelled HEUDAEREAH.
  5194 | D:7      | 5194 ||| Stepping ~*~*~tactically~*~*~ (stealth).
  5197 | D:7      | 5197 ||| Stepping ~*~*~tactically~*~*~ (hiding).
  5209 | D:7      | Reached skill level 8 in Axes
  5209 | D:7      | 5209 ||| Stepping ~*~*~tactically~*~*~ (hiding).
  5338 | D:7      | 5338 ||| Stepping ~*~*~tactically~*~*~ (hiding).
  5460 | D:7      | 5460 ||| Stepping ~*~*~tactically~*~*~ (hiding).
  5462 | D:7      | 5462 ||| Stepping ~*~*~tactically~*~*~ (hiding).
  5590 | D:7      | 5590 ||| Stepping ~*~*~tactically~*~*~ (stealth).
  5591 | D:7      | 5591 ||| Stepping ~*~*~tactically~*~*~ (hiding).
  5597 | D:7      | 5597 ||| Stepping ~*~*~tactically~*~*~ (hiding).
  5600 | D:7      | 5600 ||| Stepping ~*~*~tactically~*~*~ (hiding).
  5677 | D:7      | 5677 ||| Stepping ~*~*~tactically~*~*~ (stealth).
  5688 | D:7      | Reached * piety under Okawaru
  5689 | D:7      | Reached skill level 6 in Fighting
  5689 | D:7      | 5689 ||| INVOKING Heroism.
  5826 | D:7      | Reached XP level 9. HP: 29/56 MP: 9/9
  5826 | D:7      | 5826 ||| INVOKING Heroism.
  5994 | D:7      | 5994 ||| FLEEEEING.
  5995 | D:7      | 5995 ||| FLEEEEING.
  5996 | D:7      | 5996 ||| FLEEEEING.
  5997 | D:7      | 5997 ||| FLEEEEING.
  5998 | D:7      | 5998 ||| FLEEEEING.
  5999 | D:7      | 5999 ||| FLEEEEING.
  6000 | D:7      | 6000 ||| FLEEEEING.
  6001 | D:7      | 6001 ||| FLEEEEING.
  6002 | D:7      | 6002 ||| FLEEEEING.
  6006 | D:7      | 6006 ||| DRINKING 7 potions of curing.
  6006 | D:7      | 6006 ||| (to cure confusion)
  6008 | D:7      | 6008 ||| INVOKING Heroism.
  6286 | D:8      | HP: 9/56 [orc warrior/+0 glaive (7)]
  6286 | D:8      | HP: 1/56 [orc warrior/+3 glaive (8)]
  6286 | D:8      | Mangled by a yak

Levels and vault maps discovered:
D:1:      ebering_trefoil_twist, layout_rooms, hangedman_glass_teeth,
          minmay_tripent
D:2:      layout_basic, ebering_dispersal_statue_hall, uniq_natasha
D:3:      layout_loops_corners, nicolae_ecumenical_snake_handling,
          chequers_jeans
D:4:      layout_rooms, tgw_xom, serial_shops, nicolae_shop_industrial_runoff,
          nicolae_shop_just_a_little_nook, grunt_decor_junction,
          minmay_misc_feat_hallway, kennysheep_potato
D:5:      layout_rooms, nicolae_kite_square_tiling_tiny
D:6:      layout_basic, minmay_temple_entry_hall
D:7:      layout_basic
D:8:      layout_layer_cave, mainiacjoe_overflow_boulevard,
          kennysheep_little_box, kennysheep_generic_room_11, uniq_maggie,
          uniq_maurice, uniq_erica
Temple:   regret_index_temple_chain_breaker

Skill      XL: |  1  2  3  4  5  6  7  8 |
---------------+-------------------------+-----
Axes           | 2 3 4 5 6 7 8 |  8.6
Fighting       | 4 6 |  6.6
Dodging        | 1 |  1.1
Armour         | 4 5 |  5.0
Throwing       | 1 2 |  2.1
Shields        | |  3.2

Action                     |  1- 3 |  4- 6 |  7- 9 || total
---------------------------+-------+-------+-------++-------
  Melee: War axe           |    75 |   168 |   193 ||   436
  Throw: Boomerang         |       |     5 |    11 ||    16
         Javelin           |       |       |    16 ||    16
 Invoke: Heroism           |       |       |     3 ||     3
    Use: Scroll            |     4 |     5 |     9 ||    18
         Potion            |     1 |       |     2 ||     3
 Armour: Scale mail        |     9 |       |       ||     9
         Plate armour      |    47 |   134 |   126 ||   307
  Dodge: Dodged            |    23 |    51 |    53 ||   127
  Block: Buckler           |    14 |    39 |    53 ||   106

Table legend:
 A = Non-vault XP
 B = Vault XP
 C = Vault XP percentage of total XP
 D = Non-vault monster count
 E = Vault monster count
 F = Vault count percentage of total count
                 A         B        C        D         E       F
            +---------+---------+-------+---------+---------+-------
      Total |    2575 |      95 |   3.6 |     147 |       8 |   5.2
            +---------+---------+-------+---------+---------+-------
        D:1 |      55 |       4 |   6.8 |      22 |       2 |   8.3
        D:2 |      61 |      36 |  37.1 |      14 |       1 |   6.7
        D:3 |     106 |      28 |  20.9 |      22 |       3 |  12.0
        D:4 |     365 |      27 |   6.9 |      25 |       2 |   7.4
        D:5 |     506 |       0 |   0.0 |      16 |       0 |   0.0
        D:6 |     561 |       0 |   0.0 |      19 |       0 |   0.0
        D:7 |     886 |       0 |   0.0 |      28 |       0 |   0.0
        D:8 |      35 |       0 |   0.0 |       1 |       0 |   0.0
            +---------+---------+-------+---------+---------+-------
